 Dungeon Crawl Stone Soup version 0.27-a0-1334-g2746e35aca (webtiles) character file.

Game seed: 2683995875538899301

1825 Sweetruy1997 the Gusty (level 9, -2/47 HPs)
             Began as a Tengu Air Elementalist on June 26, 2021.
             Killed from afar by an orc wizard (8 damage)
             ... with a magic dart
             ... on level 6 of the Dungeon.
             The game lasted 00:23:55 (7453 turns).

Sweetruy1997 the Gusty (Tengu Air Elementalist)     Turns: 7453, Time: 00:23:57

Health: -2/47      AC:  5    Str:  8    XL:     9   Next: 11%
Magic:  1/19       EV: 15    Int: 18    God:
Gold:   114        SH:  0    Dex: 16    Spells: 3/20 levels left

rFire    . . .     SeeInvis .   n - +4 dagger (venom)
rCold    . . .     Faith    .   (no shield)
rNeg     . . .     Spirit   .   a - +0 robe
rPois    .         Reflect  .   d - +1 hat
rElec    .         Harm     .   m - +1 cloak
rCorr    .         Rampage  .   (no gloves)
Will     .....                  (boots unavailable)
Stlth    +++.......             (no amulet)
HPRegen  0.15/turn              (no ring)
MPRegen  0.16/turn              (no ring)

@: flying quickly and evasively, studying Maces & Flails, quick
A: beak, talons 3, nimble flight
a: no special abilities


You were on level 6 of the Dungeon.
You visited 2 branches of the dungeon, and saw 7 of its levels.

You collected 287 gold pieces.
You spent 173 gold pieces at shops.

Inventory:

Hand Weapons
 n - a +4 dagger of venom (weapon)
Armour
 a - a +0 robe (worn)
 d - a +1 hat (worn)
 m - a +1 cloak (worn)
Wands
 f - a wand of polymorph (16)
Scrolls
 e - a scroll of summoning
 i - 2 scrolls of fog
 j - 4 scrolls of teleportation
 p - a scroll of enchant weapon {unknown}
 q - a scroll of brand weapon {unknown}
 r - a scroll of fear {unknown}
 s - a scroll of silence {unknown}
Potions
 b - 3 potions of might {unknown}
 c - a potion of attraction {unknown}
 g - a potion of magic {unknown}
 h - a potion of heal wounds
 k - a potion of lignification {unknown}
 l - a potion of invisibility {unknown}
 o - 3 potions of curing
 t - 2 potions of haste {unknown}


   Skills:
 - Level 1.0 Fighting
 + Level 4.0 Short Blades
 - Level 3.0 Dodging
 + Level 3.7 Stealth
 + Level 6.1 Spellcasting
 + Level 6.6 Conjurations
 + Level 3.2 Necromancy
 + Level 7.7 Air Magic


You had 3 spell levels left.
You knew the following spells:

 Your Spells              Type           Power      Damage    Failure   Level
a - Shock                 Conj/Air       100%       1d9       1%          1
b - Static Discharge      Conj/Air       31%        N/A       1%          2
c - Animate Skeleton      Necr           34%        N/A       3%          1
d - Pain                  Necr           68%        1d7       3%          1
e - Swiftness             Air            33%        N/A       1%          3
f - Airstrike             Air            16%        N/A       4%          4
g - Lightning Bolt        Conj/Air       15%        1d29      17%         5

Your spell library contained the following spells:

 Spells                   Type           Power      Damage    Failure   Level
 Foxfire                  Conj/Fire      68%        2x1d7     3%          1
 Conjure Flame            Conj/Fire      17%        6-21      9%          3
 Dazzling Flash           Conj/Hex       34%        N/A       9%          3
 Vampiric Draining        Necr           8%         2d7       10%         3
 Apportation              Tloc           10%        N/A       12%         1
 Corona                   Hex            5%         N/A       12%         1
 Summon Small Mammal      Summ           20%        N/A       12%         1
 Ensorcelled Hibernation  Hex/Ice        10%        N/A       19%         2
 Confusing Touch          Hex            5%         N/A       34%         3
 Inner Flame              Hex/Fire       5%         N/A       34%         3
 Tukima's Dance           Hex            5%         N/A       34%         3
 Sticky Flame             Conj/Fire      17%        2d4       30%         4
 Animate Dead             Necr           8%         N/A       32%         4
 Fireball                 Conj/Fire      8%         3d6       63%         5
 Agony                    Necr           17%        N/A       65%         5


Dungeon Overview and Level Annotations

Branches:
Dungeon (6/15)             Temple (1/1) D:4

Altars:
Ashenzari
Dithmenos
Elyvilon
Fedhas
Hepliaklqana
Kikubaaqudgha
Makhleb
Nemelex Xobeh
Ru
Trog
Uskayaw
Vehumet
Wu Jian
Xom

Shops:
D:2 :   D:3 *


Innate Abilities, Weirdness & Mutations

You have a beak for a mouth.
You have claws for feet.
Your magical nature lets you fly swiftly and evasively.


Message History

The zap hits the ice beast.
The ice beast is severely wounded.
The zap hits something. x2; The zap hits the gnoll.
The gnoll is moderately wounded.
The ice beast misses you.
You hit the ice beast.
You peck the ice beast, but do no damage.
The ice beast is almost dead.
The ice beast hits you. The ice beast freezes you!
* * * LOW HITPOINT WARNING * * *
You hit the ice beast.
You kill the ice beast!
Your Short Blades skill increases to level 4!
A puff of flame appears from out of thin air!
The puff of flame hits you.
* * * LOW HITPOINT WARNING * * *
Something tries to affect you, but you resist.
You hear a shout!
Something tries to affect you, but you resist.
A magic dart appears from out of thin air!
The magic dart hits you.
* * * LOW HITPOINT WARNING * * *
Casting: Shock (safe; 1% risk of failure)
Confirm with . or Enter, or press ? or * to list all spells.
You can't see any susceptible monsters within range! (Use Z to cast anyway.)
Casting: Shock (safe; 1% risk of failure)
Confirm with . or Enter, or press ? or * to list all spells.
Aiming: Shock (safe; 1% risk of failure)
Press: ? - help, Shift-Dir - straight line The zap hits something!
Casting: Shock (safe; 1% risk of failure)
Confirm with . or Enter, or press ? or * to list all spells.
Aiming: Shock (safe; 1% risk of failure)
Press: ? - help, Shift-Dir - straight line The zap hits something.
An orc wizard appears from thin air!
Reactivating autopickup.
A magic dart appears from out of thin air!
Deactivating autopickup; reactivate with Ctrl-A.
The magic dart hits you!
You die...

........>.. ............#
.........## ### #....).....#
.........# #<# #..........#
##############.# #..........#
# #.......#.# #..........# #
#.........# #..........# #
#.......### #..........#
######....{..###########.#####
.........oo.....@...........#
######.......################
.............# #
######.......# # # #.......# #
############## ....# ..#.#
###.#


You could see an orc wizard and an orc.

Vanquished Creatures
  Eustachio (D:4)
  An orc warrior (D:6)
  2 ice beasts (D:6)
  A sky beast (D:5)
  5 necrophages
  2 ogres (D:4)
  A scorpion (D:6)
  A water moccasin skeleton (D:5)
  A howler monkey (D:5)
  2 centaur zombies (D:5)
  A gnoll shaman (D:6)
  A jelly (D:5)
  2 bullfrog skeletons (D:5)
  Crazy Yiuf (D:2)
  Jessica (D:2)
  5 iguanas
  A hound skeleton (D:4)
  A howler monkey skeleton (D:4)
  7 gnolls
  4 adders
  2 ufetubi
  2 adder skeletons
  2 dart slugs
  9 orcs
  7 endoplasms
  9 goblins
  3 hobgoblins
  2 jackals (D:5)
  7 kobolds
  4 quokkas
  5 ball pythons
  4 bats
  2 frilled lizards
  8 rats
107 creatures vanquished.

Vanquished Creatures (others)
  A fungus (D:2)
1 creature vanquished.

Grand Total: 108 creatures vanquished

Notes
Turn   | Place    | Note
-------+----------+-------------------------------------------
     0 | D:1      | Sweetruy1997 the Tengu Air Elementalist began the quest for
                  | the Orb.
     0 | D:1      | Reached XP level 1. HP: 10/10 MP: 4/4
   336 | D:1      | Reached XP level 2. HP: 15/15 MP: 0/6
   339 | D:1      | Learned a level 2 spell: Static Discharge
  1000 | D:1      | Learned a level 1 spell: Animate Skeleton
  1002 | D:1      | Learned a level 1 spell: Pain
  1058 | D:1      | Found a faded altar of an unknown god.
  1220 | D:2      | Found Xexomoz's Book Boutique.
  1264 | D:2      | Reached XP level 3. HP: 19/19 MP: 3/7
  1795 | D:2      | Noticed Jessica
  1798 | D:2      | Killed Jessica
  1799 | D:2      | Reached skill level 5 in Air Magic
  1799 | D:2      | Reached XP level 4. HP: 24/24 MP: 4/8
  2091 | D:2      | Found a runed translucent door.
  2092 | D:2      | Noticed Crazy Yiuf
  2099 | D:2      | Killed Crazy Yiuf
  2100 | D:2      | Reached skill level 1 in Necromancy
  2287 | D:3      | Found Ahyuts's Assorted Antiques.
  2343 | D:3      | Bought a scroll labelled RAOVIC SIEMN for 22 gold pieces
  2343 | D:3      | Bought a bubbling black potion for 19 gold pieces
  2343 | D:3      | Bought a scroll labelled SUIPRO ERELED for 22 gold pieces
  2343 | D:3      | Bought a scroll labelled BUDUKK WUXUXEE for 22 gold pieces
  2366 | D:3      | Bought a jewelled lead wand for 88 gold pieces
  2370 | D:3      | Learned a level 3 spell: Swiftness
  2823 | D:3      | Gained mutation: Your magical nature lets you fly swiftly
                  | and evasively. [Tengu growth]
  2823 | D:3      | Reached XP level 5. HP: 28/28 MP: 8/10
  2915 | D:3      | Found a radiant altar of Vehumet.
  3502 | D:4      | Found a staircase to the Ecumenical Temple.
  3511 | Temple   | Entered the Ecumenical Temple
  3827 | D:4      | Noticed an ogre
  3835 | D:4      | Killed an ogre
  3996 | D:4      | Reached XP level 6. HP: 28/33 MP: 1/12
  4147 | D:4      | Found an ornate altar of the Wu Jian Council.
  4375 | D:4      | Learned a level 4 spell: Airstrike
  4602 | D:4      | Noticed Eustachio
  4623 | D:4      | Killed Eustachio
  4624 | D:4      | Reached skill level 1 in Short Blades
  4624 | D:4      | Reached skill level 6 in Air Magic
  4624 | D:4      | Reached XP level 7. HP: 8/37 MP: 8/14
  5048 | D:5      | Entered Level 5 of the Dungeon
  5647 | D:5      | Found a bloodstained altar of Trog.
  5665 | D:5      | Reached skill level 1 in Fighting
  6109 | D:5      | Reached XP level 8. HP: 43/43 MP: 12/16
  6113 | D:5      | Reached skill level 5 in Spellcasting
  6118 | D:5      | Reached skill level 5 in Conjurations
  6467 | D:5      | Found a shimmering altar of Xom.
  6763 | D:5      | Found a burning altar of Makhleb.
  6910 | D:5      | Reached skill level 7 in Air Magic
  6934 | D:5      | Learned a level 5 spell: Lightning Bolt
  7403 | D:6      | Reached XP level 9. HP: 15/47 MP: 5/18
  7406 | D:6      | HP: 2/47 [gnoll (2)]
  7453 | D:6      | Killed from afar by an orc wizard

Illustrated notes

Levels and vault maps discovered:
D:1:      mrwooster_arrival_statue, layout_loops_ring,
          hellmonk_ecumenical_altar_heavens_door
D:2:      layout_rooms, serial_shops, shop, uniq_crazy_yiuf_cottage,
          uniq_jessica
D:3:      layout_loops_ring, nicolae_vehumet_radiance, serial_shops, shop_coins
D:4:      layout_rooms, nicolae_wu_jian_wuxing_cycle, minmay_temple_entry_waves,
          hangedman_decor_opposing, st_stairs_4, grunt_tough_drop,
          uniq_eustachio
D:5:      layout_basic, brannock_xom_greatest_gift, bloody_makhleb,
          lemuel_crystal_altar, minmay_manual_mess
D:6:      layout_basic, lemuel_round_altar
Temple:   compressed_dpeg_triangle_lava_temple

Skill      XL: |  1  2  3  4  5  6  7  8  9 |
---------------+----------------------------+-----
Conjurations   | 2 4 6 |  6.6
Air Magic      | 5 6 7 |  7.7
Necromancy     | 1 2 3 |  3.2
Spellcasting   | 3 4 5 6 |  6.1
Short Blades   | 1 2 3 4 |  4.0
Fighting       | 1 |  1.0
Dodging        | 3 |  3.0
Stealth        | 3 |  3.7

Action                   |  1- 3 |  4- 6 |  7- 9 || total
-------------------------+-------+-------+-------++-------
Melee: Dagger            |    23 |    49 |    87 ||   159
       Kick              |     5 |     9 |    15 ||    29
       Peck              |     3 |     5 |    12 ||    20
 Cast: Shock             |    50 |    89 |    70 ||   209
       Static Discharge  |     4 |     4 |     9 ||    17
       Animate Skeleton  |     4 |     2 |       ||     6
       Pain              |     1 |    10 |     4 ||    15
       Swiftness         |       |     2 |       ||     2
       Lightning Bolt    |       |       |     1 ||     1
Evoke: Wand              |       |     1 |       ||     1
  Use: Scroll            |       |     6 |     3 ||     9
       Potion            |       |       |     2 ||     2
 Stab: Sleeping          |       |       |     2 ||     2
Armor: Robe              |     4 |    12 |    22 ||    38
Dodge: Dodged            |    19 |    44 |    61 ||   124

Table legend: (Time is in decaauts)
 A = Elapsed time spent in this place.
 B = Non-inter-level travel time spent in this place.
 C = Inter-level travel time spent in this place.
 D = Time resting spent in this place.
 E = Time spent auto-exploring this place.
 F = Levels seen in this place.
 G = Mean time per level.
                   A        B        C        D        E       F      G
               +--------+--------+--------+--------+--------+-----+--------+
         Total |   7213 |   7060 |    153 |   2053 |   4177 |   7 | 1030.4 |
       Dungeon |   6946 |   6818 |    128 |   2053 |   3937 |   6 | 1157.7 |
        Temple |    266 |    242 |     24 |      0 |    240 |   1 |  266.0 |
               +--------+--------+--------+--------+--------+-----+--------+

Top non-repeatable levels by time:
     D:5: 1835 daAuts
     D:4: 1262 daAuts
     D:1: 1199 daAuts
     D:3: 1141 daAuts
     D:2: 1062 daAuts
     D:6: 444 daAuts
  Temple: 266 daAuts
